Map: Eternal Empire LE

Players

Liquid - Winner!

  • Race: Zerg Zerg
  • League: Silver
  • Spawn Location: 7:00

A.I. 1 (Hard)

  • Race: Zerg Zerg
  • Spawn Location: 1:00

VOD

Have the link to the VOD?

Description

Time

  • Played on: Aug. 30, 2020, 10:04 a.m.
  • Length: 20:22
Show
View Real Time Build Order
Export as new Build Order

Liquid Zerg - Winner!

Build Orders: Hatch First 

Get SALT Encoding   

  12  0:08  Drone  
  12  0:13  Overlord  
  13  0:49  Drone x2  
  16  0:50  Drone  
  16  1:02  Drone  
  17  1:13  Hatchery  
  16  1:20  Extractor  
  16  1:25  Spawning Pool  
  14  1:27  Drone  
  14  1:28  Drone  
  16  1:44  Drone  
  16  1:46  Drone  
  18  1:55  Drone  
  19  2:07  Overlord  
  20  2:44  Drone  
  20  2:46  Drone x3  
  20  2:47  Drone  
  24  2:54  Queen x2  
  28  3:05  Drone x2  
  29  3:06  Drone  
  31  3:23  Drone x2  
  31  3:24  Drone x2  
  35  3:51  Drone  
  35  3:53  Overlord x2  
  35  3:54  Overlord x3  
  36  4:16  Evolution Chamber  
  35  4:19  Roach Warren  
  35  4:23  Spine Crawler  
  35  4:24  Drone  
  34  4:25  Drone, Overlord, Spine Crawler  
  34  4:26  Drone  
  34  4:27  Drone  
  34  4:28  Zergling x6  
  39  4:39  Drone  
  39  4:40  Zergling x2  
  39  4:44  Zerg Melee Weapons Level 1  
  41  5:03  Hatchery  
  40  5:22  Extractor  
  39  5:29  Drone  
  39  5:31  Drone x4  
  39  5:32  Drone  
  45  5:52  Extractor  
  45  5:54  Drone  
  45  5:55  Drone  
  45  5:56  Drone x4  
  50  6:08  Metabolic Boost  
  50  6:39  Zerg Ground Armor Level 1  
  50  6:40  Drone  
  45  6:55  Roach x3  
  45  6:56  Roach x2  
  47  7:41  Roach  
  47  7:42  Roach x4  
  47  7:43  Roach  
  48  8:06  Roach x3  
  50  8:17  Spine Crawler  
  45  8:21  Spine Crawler  
  45  8:23  Spine Crawler  
  45  8:24  Spine Crawler  
  38  8:40  Queen  
  38  8:41  Queen  
  42  9:02  Spine Crawler  
  41  9:10  Roach x2  
  41  9:11  Roach x3  
  41  9:14  Spine Crawler  
  50  9:17  Drone  
  51  9:31  Zergling x4  
  53  10:12  Drone x4  
  53  10:13  Drone  
  58  10:15  Roach  
  60  10:24  Roach Warren  
  59  10:31  Lair  
  59  10:32  Lair  
  59  11:02  Baneling Nest  
  59  11:04  Roach x8  
  50  11:17  Ravager x2  
  50  11:18  Ravager x4  
  55  11:19  Ravager x2  
  50  11:56  Drone x2  
  50  11:57  Drone x2  
  54  12:01  Roach  
  54  12:02  Roach x4  
  54  12:03  Roach x3  
  54  12:04  Roach x3  
  76  12:19  Hydralisk Den  
  75  12:40  Zerg Melee Weapons Level 2  
  75  12:52  Overlord x2  
  75  12:53  Overlord  
  75  13:05  Extractor  
  74  13:15  Grooved Spines  
  74  13:19  Roach  
  76  13:20  Hydralisk x2  
  76  13:21  Hydralisk x3, Roach x3  
  76  13:22  Roach x2  
  96  13:28  Ravager x4  
  100  13:48  Hatchery  
  99  13:57  Overlord  
  99  13:58  Overlord x2  
  71  14:33  Hatchery  
  68  14:45  Hydralisk x3, Roach x2  
  74  14:46  Roach  
  74  14:52  Ravager x3  
  83  14:53  Ravager  
  83  14:56  Ravager x3, Zerg Ground Armor Level 2  
  83  14:57  Ravager x3  
  83  14:58  Ravager  
  91  15:20  Hydralisk x4, Roach x2  
  91  15:21  Roach x2  
  108  15:43  Hydralisk x3, Roach  
  108  15:44  Roach x3  
  122  16:02  Roach  
  103  17:05  Hydralisk x3, Roach  
  103  17:06  Hydralisk, Roach x3  
  108  17:17  Hydralisk, Roach  
  101  17:56  Hydralisk x2  
  101  17:57  Hydralisk x2, Roach x4  
  115  18:16  Hydralisk, Roach  
  115  18:17  Roach  
  118  18:41  Hydralisk x2  
  118  18:42  Hydralisk, Roach x3  
  127  19:00  Hatchery  
  126  19:06  Ravager x2  
  126  19:07  Ravager x2  
Show
View Real Time Build Order
Export as new Build Order

A.I. 1 (Hard) Zerg 

Build Orders: 1 Base Baneling Bust, Pool First 

Get SALT Encoding   

  12  0:00  Drone  
  13  0:12  Overlord  
  13  0:16  Drone  
  14  0:30  Drone  
  14  0:32  Drone  
  16  0:44  Spawning Pool  
  16  0:45  Drone  
  16  0:50  Drone  
  16  0:53  Extractor  
  16  0:55  Drone  
  17  1:06  Overlord  
  17  1:31  Zergling x2, Queen  
  20  1:38  Drone, Roach Warren  
  20  1:44  Zergling x2  
  20  1:45  Extractor  
  20  1:49  Drone  
  21  2:00  Drone  
  22  2:10  Overlord  
  22  2:21  Drone  
  23  2:32  Roach  
  25  2:38  Drone  
  25  2:41  Overlord  
  26  2:45  Roach  
  28  2:56  Drone  
  28  2:58  Roach  
  31  3:05  Drone  
  32  3:10  Drone, Roach  
  32  3:11  Overlord  
  35  3:17  Drone  
  36  3:23  Ravager x3  
  39  3:27  Roach  
  41  3:38  Drone  
  42  3:42  Drone, Overlord, Roach  
  45  3:50  Baneling Nest  
  45  3:52  Drone  
  45  3:58  Evolution Chamber  
  45  4:00  Roach  
  46  4:11  Drone  
  47  4:22  Roach  
  49  6:03  Lair  
  49  6:04  Zerg Melee Weapons Level 1  
  49  6:06  Evolution Chamber  
  49  6:08  Drone, Spore Crawler  
  49  6:10  Drone, Spore Crawler  
  48  6:11  Hatchery  
  48  6:12  Drone  
  48  6:32  Zerg Ground Armor Level 1  
  48  6:34  Spine Crawler  
  48  6:35  Drone  
  48  6:36  Spine Crawler  
  48  6:37  Drone  
  48  6:45  Overlord  
  47  7:01  Burrow  
  47  7:02  Zergling x2  
  47  7:05  Infestation Pit  
  47  7:07  Hydralisk Den  
  42  7:23  Queen  
  42  7:24  Drone  
  42  7:25  Drone  
  42  7:26  Drone  
  42  7:28  Drone  
  42  7:29  Drone  
  49  7:31  Drone  
  49  7:32  Drone, Extractor  
  49  7:34  Drone, Spore Crawler  
  49  7:35  Drone  
  49  7:36  Hydralisk, Spore Crawler  
  50  7:38  Drone  
  50  7:43  Drone  
  50  7:44  Extractor  
  51  7:46  Drone, Hydralisk  
  51  7:50  Drone  
  55  7:52  Drone  
  55  7:55  Drone  
  55  7:56  Infestor  
  55  7:57  Drone  
  60  7:58  Zerg Missile Weapons Level 1, Queen  
  60  8:03  Overlord, Roach x2  
  62  8:06  Drone, Hydralisk  
  62  8:08  Drone  
  62  8:11  Drone  
  65  8:14  Drone  
  64  8:22  Drone  
  64  8:25  Roach  
  63  8:27  Drone  
  63  8:30  Drone  
  63  8:32  Drone  
  60  8:34  Drone  
  60  8:35  Roach  
  60  8:36  Drone  
  60  8:38  Drone  
  60  8:39  Drone  
  66  8:47  Drone  
  67  8:48  Infestor  
  69  8:55  Overseer  
  69  8:57  Overlord, Overseer  
  69  8:58  Infestor  
  69  9:02  Spine Crawler  
  70  9:03  Drone  
  70  9:07  Spine Crawler  
  70  9:08  Drone, Hydralisk  
  73  9:17  Spire  
  73  9:19  Roach  
  74  9:29  Roach  
  76  10:17  Pneumatized Carapace  
  76  10:18  Overseer  
  76  10:19  Zerg Melee Weapons Level 2, Glial Reconstitution, Zerg Ground Armor Level 2, Overlord x2, Roach  
  76  10:20  Pathogen Glands  
  78  10:23  Roach  
  78  10:28  Hatchery, Roach  
  81  10:31  Zerg Flyer Weapons Level 1  
  81  10:32  Roach  
  83  11:00  Zergling x2  
  83  11:02  Hive  
  79  11:07  Roach  
  73  11:11  Roach  
  73  11:16  Roach  
  75  11:20  Roach  
  75  11:24  Hydralisk  
  79  11:28  Hydralisk  
  81  11:36  Infestor  
  83  11:41  Drone, Queen  
  83  11:43  Drone  
  83  11:45  Drone  
  83  11:46  Drone  
  89  11:47  Drone  
  89  11:49  Drone  
  89  11:50  Drone  
  89  11:52  Drone  
  89  11:53  Extractor, Drone  
  93  11:55  Drone, Spore Crawler  
  93  11:56  Drone, Spore Crawler  
  93  11:58  Drone, Extractor  
  93  11:59  Drone  
  93  12:01  Drone  
  95  12:02  Drone  
  95  12:03  Drone  
  95  12:05  Drone  
  95  12:06  Drone  
  99  12:17  Ultralisk Cavern  
  99  12:18  Drone  
  99  12:20  Spine Crawler  
  99  12:21  Drone  
  99  12:22  Spine Crawler  
  98  12:23  Drone  
  98  12:25  Zerg Flyer Armor Level 1  
  99  12:35  Zerg Missile Weapons Level 2  
  99  13:30  Corruptor, Overlord  
  99  13:31  Zerg Melee Weapons Level 3  
  101  13:48  Corruptor  
  101  13:49  Overlord  
  103  13:55  Corruptor  
  103  13:59  Tunneling Claws  
  105  14:07  Zergling x2, Overlord  
  95  14:20  Greater Spire  
  77  14:41  Infestor  
  79  14:51  Zerg Ground Armor Level 3  
  79  15:11  Zergling x2  
  77  15:20  Queen  
  77  15:22  Queen  
  77  15:24  Infestor  
  77  15:35  Zergling x2  
  77  15:41  Hatchery  
  77  15:42  Infestor  
  75  15:47  Drone  
  75  15:48  Drone  
  75  15:49  Drone  
  67  15:51  Drone  
  67  15:52  Drone  
  67  15:53  Overseer  
  67  15:54  Drone  
  67  15:55  Drone  
  67  15:56  Overseer  
  64  15:57  Drone, Zergling x2  
  63  16:04  Drone  
  58  16:12  Drone  
  58  16:14  Queen  
  58  16:17  Infestor  
  58  16:18  Drone  
  59  16:24  Drone  
  59  16:25  Zergling x2  
  57  16:31  Zergling x2  
  57  16:35  Zergling x2  
  57  16:38  Zergling x2  
  59  16:42  Zergling x2  
  59  16:46  Zergling x2  
  54  16:49  Zergling x2  
  54  16:52  Lair, Hatchery  
  54  16:53  Drone, Zergling x2, Queen  
  55  16:55  Drone  
  55  16:56  Drone  
  55  16:57  Zergling x2  
  55  16:58  Drone x2  
  55  16:59  Drone  
  55  17:00  Infestor  
  61  17:03  Corruptor  
  61  17:05  Extractor  
  61  17:07  Zergling x2  
  58  17:10  Spore Crawler  
  58  17:11  Zergling x2  
  58  17:12  Spore Crawler  
  58  17:14  Overlord, Roach  
  58  17:15  Drone x2, Evolution Chamber  
  59  17:17  Extractor, Roach  
  59  17:20  Mutalisk  
  59  17:22  Extractor  
  58  17:24  Zergling x2  
  58  17:25  Roach Warren  
  58  17:27  Drone x2  
  58  17:28  Zergling x2  
  58  17:32  Zergling x2, Overlord  
  59  17:39  Evolution Chamber  
  55  17:45  Drone x2  
  55  17:47  Drone  
  55  17:49  Drone x6  
  55  17:50  Overseer  
  48  17:52  Hydralisk Den, Overlord, Overseer  
  48  17:53  Drone  
  45  18:02  Spire  
  45  18:03  Drone  
  45  18:04  Roach  
  45  18:05  Infestation Pit  
  46  18:06  Drone  
  46  18:07  Spawning Pool  
  46  18:08  Drone, Roach  
  46  18:10  Spire, Overlord  
  46  18:11  Drone, Roach  
  51  18:14  Roach  
  51  18:17  Roach  
  55  18:20  Roach  
  55  18:23  Roach  
  55  18:26  Roach  
  58  18:27  Drone  
  58  18:28  Drone  
  58  18:29  Overlord, Roach  
  58  18:30  Drone  
  58  18:31  Roach  
  58  18:32  Roach  
  58  18:33  Drone, Overseer  
  57  18:35  Drone, Roach  
  57  18:37  Hydralisk  
  58  18:41  Roach  
  58  18:43  Hydralisk, Hive  
  58  18:50  Drone, Infestor  
  58  18:53  Roach  
  60  18:55  Hydralisk  
  60  18:57  Hatchery  
  60  19:01  Drone x2  
  58  19:04  Roach  
  44  19:12  Overseer  
  44  19:15  Roach  
  46  19:19  Drone, Zergling x2  
  46  19:22  Roach  
  50  19:26  Hydralisk  
  52  19:36  Drone x2, Roach  
  52  19:37  Overlord  
  36  19:47  Zergling x2  
  36  19:48  Drone  
  36  19:50  Roach  
  25  19:53  Roach  
Tags
 
Add a new tag
Caveats
  • Supply blocks, unpowered buildings, or Contaminate may cause inaccurate times.
  • Supply counts are checked every 10 seconds.